 Dungeon Crawl Stone Soup version 0.22.1-2-g9c5b331383 (webtiles) character file.

53977 Ihlosi the Fighter (level 15, -7/98 HPs)
             Began as a Kobold Gladiator on Dec 15, 2018.
             Was the Champion of Kikubaaqudgha.
             Mangled by a death yak simulacrum (23 damage)
             ... in an ice cave on Dec 16, 2018.
             The game lasted 02:01:18 (30201 turns).

Ihlosi the Fighter (Kobold Gladiator)              Turns: 30201, Time: 02:01:18

Health: -7/98      AC: 13    Str: 14    XL:     15   Next: 12%
Magic:  24/24      EV: 27    Int: 10    God:    Kikubaaqudgha [******]
Gold:   1334       SH:  2    Dex: 22    Spells: 12/26 levels left

rFire    . . .     SeeInvis .   a - +5 short sword (speed)
rCold    . . .     Gourm    .   (shield restricted)
rNeg     . . .     Faith    .   Y - +0 steam dragon scales
rPois    +         Spirit   .   c - +0 helmet
rElec    .         Reflect  +   j - +2 cloak
rCorr    .         Harm     .   g - +2 pair of gloves
MR       ++...     Clarity  +   (no boots)
Stlth    +++++.....             l - amulet "Quatiu Tuesi" {Reflect MR+ SH+2}
HPRegen  0.26/turn              w - +2 ring of dexterity
MPRegen  0.19/turn              u - ring of poison resistance

@: no status effects
A: small, hooves 1, carnivore, clarity, MP-powered wands
a: Receive Corpses, Torment, Brand Weapon With Pain, Receive Necronomicon,
Renounce Religion


You were in an ice cave.
You worshipped Kikubaaqudgha.
Kikubaaqudgha was exalted by your worship.
You were completely stuffed.

You visited 4 branches of the dungeon, and saw 22 of its levels.
You also visited: Ice Cave.

You collected 1600 gold pieces.
You spent 266 gold pieces at shops.

Inventory:

Hand Weapons
 a - a +5 short sword of speed (weapon)
 b - a +3 vampiric long sword
 i - the +8 whip "Snakebite" {curare, rPois}
   (You found it on level 4 of the Lair of Beasts)

   It poisons the flesh of those it strikes.
   It protects you from poison.
 n - a +2 rapier of freezing
 o - the +10 hand axe "Baseg" {chop, rElec Dex+4}
   (You found it on level 11 of the Dungeon)

   It inflicts extra damage upon your enemies.
   It affects your dexterity (+4).
   It insulates you from electricity.
 x - a +0 hand crossbow of freezing
 N - a +3 scimitar of freezing
Missiles
 t - 6 curare-tipped needles
 Q - 231 bolts
Armour
 c - a +0 helmet (worn)
 g - a +2 pair of gloves (worn)
 j - a +2 cloak (worn)
 r - the +0 buckler of Kaowef {+Inv rElec SInv}
   (You found it on level 2 of the Lair of Beasts)

   It insulates you from electricity.
   It lets you see invisible.
   It lets you turn invisible.
 y - a +1 ring mail of poison resistance
 I - a +0 troll leather armour
 Y - +0 steam dragon scales (worn)
Jewellery
 l - the amulet "Quatiu Tuesi" (around neck) {Reflect MR+ SH+2}
   (You found it on level 11 of the Dungeon)

   [amulet of reflection]

   It shields you and reflects attacks.
   It affects your resistance to hostile enchantments.
   It affects your SH (+2).
 u - a ring of poison resistance (right hand)
 w - a +2 ring of dexterity (left hand)
 P - an uncursed ring of protection from magic
Wands
 e - a wand of random effects (1)
 h - a wand of flame (21)
 p - a wand of digging (14)
 E - a wand of disintegration (4)
 F - a wand of iceblast (3)
 U - a wand of clouds (1)
Scrolls
 d - 3 scrolls of amnesia
 m - 2 scrolls of fear
 s - 9 scrolls of enchant weapon
 z - a scroll of blinking
 C - 5 scrolls of enchant armour
 D - a scroll of teleportation
 J - 3 scrolls of fog
 M - 6 scrolls of remove curse
 S - 4 scrolls of identify
 X - a scroll of immolation
Potions
 k - 3 potions of cancellation
 v - 2 potions of curing
 A - 5 potions of brilliance
 B - 3 potions of flight
 H - a potion of magic
 V - a potion of ambrosia
Miscellaneous
 R - a lamp of fire
Comestibles
 f - 31 rations
 G - 5 chunks of flesh


   Skills:
 * Level 13.1 Fighting
 - Level 9.0(13.1) Short Blades
 * Level 10.3(10.9) Long Blades
 * Level 1.8 Crossbows
 - Level 2.1 Throwing
 * Level 3.2 Armour
 - Level 12.0 Dodging
 - Level 12.0 Stealth
 * Level 0.8 Shields
 - Level 6.0 Spellcasting
 - Level 6.0 Necromancy
 - Level 3.0 Translocations
 * Level 8.5 Evocations


You had 12 spell levels left.
You knew the following spells:

 Your Spells              Type           Power        Failure   Level  Hunger
a - Blink                 Tloc           N/A          9%          2    ##.....
b - Animate Skeleton      Necr           N/A          1%          1    None
c - Pain                  Necr           ###.         1%          1    None
d - Vampiric Draining     Necr           ###.......   5%          3    ###....
e - Dispel Undead         Necr           ###.....     43%         5    ######.
f - Slow                  Hex            #.......     30%         2    ##.....

Your spell library contained the following spells:

 Spells                   Type           Power        Failure   Level  Hunger
 Sublimation of Blood     Necr           ###.......   2%          2    ##.....
 Magic Dart               Conj           #...         21%         1    None
 Call Imp                 Summ           #.......     30%         2    ##.....
 Conjure Flame            Conj/Fire      #.......     52%         3    ###....
 Mephitic Cloud           Conj/Pois/Air  #.......     52%         3    ###....
 Bolt of Draining         Conj/Necr      #.........   86%         5    ######.
 Excruciating Wounds      Chrm/Necr      #.........   86%         5    ######.
 Leda's Liquefaction      Hex/Erth       #.........   90%         4    ####...
 Summon Lightning Spire   Summ/Air       #.......     90%         4    ####...
 Death Channel            Necr           ###.......   95%         6    #######
 Bolt of Magma            Conj/Fire/Erth #.........   99%         5    ######.
 Silence                  Hex/Air        #.........   99%         5    ######.
 Conjure Ball Lightning   Conj/Air       #.........   100%        6    #######
 Deflect Missiles         Chrm/Air       #.........   100%        6    #######
 Iron Shot                Conj/Erth      #.........   100%        6    #######
 Simulacrum               Ice/Necr       #.........   100%        6    #######
 Statue Form              Tmut/Erth      #........    100%        6    #######
 Shatter                  Erth           #.........   100%        9    #######
 Tornado                  Air            #.........   100%        9    #######


Dungeon Overview and Level Annotations

Branches:
Dungeon (13/15)            Temple (1/1) D:4            Lair (6/6) D:8
  Swamp (0/4) Lair:4       Spider (0/4) Lair:2        Slime (0/5) Lair:5
    Orc (2/2) D:11            Elf (0/3) Orc:2
 Vaults: D:13-14

Altars:
Ashenzari
Cheibriados
Dithmenos
Elyvilon
Fedhas
Gozag
Hepliaklqana
Kikubaaqudgha
Makhleb
Okawaru
Qazlal
Ru
Sif Muna
Trog
Uskayaw
Vehumet
Wu Jian
Xom
Yredelemnul
Zin
The Shining One
Beogh

Shops:
D:4 }   D:7 *   D:8 *   D:12 (

Annotations:
D:2 Orc warrior
D:4 1 runed door
D:6 exclusion: oklob plant
D:7 Unfinished
D:9 hydra!
D:10 exclusion: 2 oklob plants
Lair:5 2 transporters, oldnick's ghost, journeyman OpWz


Innate Abilities, Weirdness & Mutations

You are small and have problems with some larger weapons.
You are carnivorous and can eat meat at any time.
You have large cloven feet.
You possess an exceptional clarity of mind.
You expend magic power (3 MP) to strengthen your wands.


Message History

You hit the death yak simulacrum.
You kick the death yak simulacrum, but do no damage.
The death yak simulacrum is almost destroyed.
The death yak simulacrum misses you.
You hit the death yak simulacrum but do no damage.
You kick the death yak simulacrum, but do no damage.
The death yak simulacrum is almost destroyed.
The death yak simulacrum gores you! The death yak simulacrum freezes you!!
* * * LOW HITPOINT WARNING * * *
You hit the death yak simulacrum but do no damage.
You kick the death yak simulacrum, but do no damage.
The death yak simulacrum is almost destroyed.
You hit the death yak simulacrum.
The death yak simulacrum vapourises!
Kikubaaqudgha accepts your kill.
You feel better. The death yak simulacrum gores you!
* * * LOW HITPOINT WARNING * * *
The death yak simulacrum freezes you!!
You die...
Kikubaaqudgha rasps: "You have failed me!
Welcome... death!"

##...
##...
#.Z.#
...##
#...#
##...##
##Z....##
#@§.∩...#
#.......#
##..∩..##
##...##
#####


You could see a death yak simulacrum.

Vanquished Creatures
  3 hydras
  A catoblepas (Lair:3)
  A centaur warrior (D:13)
  3 two-headed ogres
  6 death yaks (Lair:5)
  A flayed ghost (D:11)
  An unseen horror (D:11)
  An orc knight (Orc:2)
  An ugly thing (D:11)
  A manticore (D:13)
  An orc sorcerer (Orc:2)
  A cyclops (D:11)
  12 black mambas
  A centaur zombie (D:12)
  6 elephants
  Joseph (D:7)
  A torpor snail (Lair:4)
  2 rime drakes
  11 spiny frogs
  3 komodo dragons
  5 trolls
  A polar bear (Lair:4)
  A hornet (D:8)
  7 blink frogs
  Prince Ribbit (D:7)
  9 slime creatures (D:12)
  8 hippogriffs
  A spriggan (Lair:4)
  3 shadows (D:11)
  2 wraiths (D:11)
  2 wyverns
  31 yaks
  3 fire bats
  2 death yak simulacra (IceCv)
  A basilisk (Lair:4)
  An acid dragon (D:12)
  7 porcupines
  A warg (Orc:2)
  13 water moccasins
  Duvessa (D:7)
  16 orc warriors
  16 ice beasts
  3 black bears
  4 sky beasts
  2 hornet zombies
  9 ogres
  4 phantoms
  8 centaurs
  17 wolves
  8 crocodiles
  17 bullfrogs
  A big kobold (D:12)
  A wyvern zombie (D:12)
  A wyvern skeleton (D:12)
  Dowan (D:7)
  2 scorpions
  A killer bee (D:7)
  7 wights
  5 jellies
  4 howler monkeys
  5 electric eels
  3 crimson imps
  2 bullfrog zombies
  8 hounds
  A human zombie (D:4)
  2 bullfrog skeletons
  17 orc priests
  12 orc wizards
  2 centaur skeletons
  2 iguanas
  11 worker ants
  4 hound skeletons
  4 gnolls (Orc:2)
  10 adders
  3 shadow imps
  2 white imps (D:13)
  3 worms
  6 leopard geckos
  88 orcs
  2 ball pythons (D:3)
  4 giant cockroaches
  4 goblins
  3 hobgoblins
  13 jackals
  4 quokkas
  19 bats
  4 frilled lizards
  2 goblin zombies (D:4)
  6 kobolds
  A kobold skeleton (D:4)
  A quokka zombie (D:6)
  4 rats
  2 fungi (Lair:5)
539 creatures vanquished.

Vanquished Creatures (collateral kills)
  An orc warlord (Orc:1)
  2 death yaks (Lair:5)
  Urug (Lair:5)
  An elephant (Lair:5)
  A black mamba (Lair:5)
  A rime drake (Lair:5)
  A spiny frog (Lair:5)
  A komodo dragon (Lair:5)
  A troll (Orc:1)
  A hippogriff (Lair:3)
  4 yaks (Lair:5)
  A porcupine (Lair:1)
  An orc warrior (Orc:1)
  2 crocodiles
  A bullfrog (Lair:5)
  An orc priest (Orc:1)
  An orc wizard (Orc:1)
  7 orcs
29 creatures vanquished.

Vanquished Creatures (others)
  5 orc warriors
  An ogre (D:9)
  2 wights (D:8)
  2 orc priests
  4 orcs
  A bush (Lair:6)
  13 fungi
  12 plants
  11 toadstools (D:6)
51 creatures vanquished.

Grand Total: 619 creatures vanquished

Notes
Turn   | Place    | Note
-------+----------+-------------------------------------------
     0 | D:1      | Ihlosi the Kobold Gladiator began the quest for the Orb.
     0 | D:1      | Reached XP level 1. HP: 12/12 MP: 1/1
   317 | D:1      | Reached XP level 2. HP: 16/17 MP: 2/2
   964 | D:2      | Found an iron altar of Okawaru.
  1001 | D:2      | Reached skill level 1 in Stealth
  1001 | D:2      | Reached XP level 3. HP: 19/22 MP: 3/3
  1147 | D:2      | Found a stormy altar of Qazlal.
  1163 | D:2      | Noticed an orc warrior
  1673 | D:2      | Found a bloodstained altar of Trog.
  1712 | D:2      | Reached XP level 4. HP: 27/27 MP: 4/4
  2359 | D:3      | Reached skill level 1 in Armour
  2599 | D:4      | Reached skill level 5 in Short Blades
  2599 | D:4      | Reached XP level 5. HP: 30/32 MP: 5/5
  2758 | D:4      | Noticed a centaur
  2966 | D:4      | Reached skill level 3 in Fighting
  3102 | D:4      | Noticed a phantom
  3115 | D:5      | Entered Level 5 of the Dungeon
  3137 | D:5      | Reached XP level 6. HP: 37/37 MP: 6/6
  3331 | D:5      | Reached skill level 5 in Dodging
  3629 | D:5      | HP: 1/37 [orc priest/nerve-wracking pain (3)]
  3852 | D:5      | Noticed an ice beast
  3863 | D:5      | Noticed a sky beast
  3992 | D:4      | Killed a phantom
  3992 | D:4      | Reached XP level 7. HP: 31/42 MP: 7/7
  4107 | D:4      | Found Unoridgh's Gadget Boutique.
  4238 | D:4      | Bought a wand of paralysis (11) for 169 gold pieces
  4300 | D:4      | Found a runed door.
  4300 | D:4      | Noticed a human
  4323 | D:4      | Reached skill level 4 in Fighting
  4330 | D:4      | Found a basalt altar of Yredelemnul.
  4366 | D:4      | Reached skill level 1 in Evocations
  4690 | D:4      | Found a staircase to the Ecumenical Temple.
  4697 | Temple   | Entered the Ecumenical Temple
  5018 | Temple   | Became a worshipper of Kikubaaqudgha
  5258 | D:2      | Reached XP level 8. HP: 48/48 MP: 9/9
  5286 | D:2      | Reached skill level 5 in Stealth
  5422 | D:2      | Found a shadowy altar of Dithmenos.
  6072 | D:5      | Learned a level 2 spell: Blink
  6584 | D:6      | Reached skill level 5 in Fighting
  7065 | D:6      | Reached skill level 1 in Spellcasting
  7065 | D:6      | Reached skill level 1 in Necromancy
  7065 | D:6      | Reached skill level 1 in Translocations
  7264 | D:6      | Reached XP level 9. HP: 42/54 MP: 11/11
  7392 | D:6      | Found a blossoming altar of Fedhas.
  7405 | D:6      | Noticed an oklob plant
  7687 | D:7      | Noticed Dowan
  7688 | D:7      | Noticed Duvessa
  7732 | D:7      | Killed Dowan
  7927 | D:7      | Reached * piety under Kikubaaqudgha
  7927 | D:7      | Identified Kikubaaqudgha's Papyrus of Black Arts
                  | (Kikubaaqudgha gifted it to you on level 7 of the Dungeon)
  7927 | D:7      | Received a gift from Kikubaaqudgha
  7931 | D:7      | Learned a level 1 spell: Animate Skeleton
  7933 | D:7      | Learned a level 1 spell: Pain
  7937 | D:7      | Learned a level 3 spell: Vampiric Draining
  8013 | D:7      | Killed Duvessa
  8014 | D:7      | Noticed Joseph
  8158 | D:7      | Noticed a hippogriff
  8208 | D:7      | Killed a hippogriff
  8208 | D:7      | Reached skill level 6 in Fighting
  8431 | D:7      | Noticed Prince Ribbit
  8435 | D:7      | Killed Prince Ribbit
  8538 | D:7      | Found Senipratui's Assorted Antiques.
  8857 | D:7      | Reached XP level 10. HP: 35/61 MP: 14/14
  9206 | D:7      | Found a deep blue altar of Sif Muna.
  9313 | D:8      | Found a staircase to the Lair.
  9317 | D:8      | Found a radiant altar of Vehumet.
  9324 | D:8      | Reached skill level 7 in Fighting
  9915 | D:8      | Found a hazy altar of Hepliaklqana.
  9919 | D:8      | Noticed a two-headed ogre
 10021 | D:8      | Reached ** piety under Kikubaaqudgha
 10021 | D:8      | Reached skill level 5 in Evocations
 10286 | D:8      | Found Zymerac's General Store.
 10309 | D:8      | Bought a scroll of enchant weapon for 97 gold pieces
 10323 | D:8      | Reached skill level 8 in Fighting
 10399 | D:8      | Paralysed by a hornet for 1 turns
 10586 | D:8      | Killed a two-headed ogre
 10586 | D:8      | Reached skill level 1 in Long Blades
 10690 | D:7      | Gained mutation: You possess an exceptional clarity of
                  | mind. [potion of mutation]
 10690 | D:7      | Gained mutation: You expend magic power (3 MP) to
                  | strengthen your wands. [potion of mutation]
 10690 | D:7      | Gained mutation: You have large cloven feet. [potion of
                  | mutation]
 10897 | D:7      | Killed Joseph
 11307 | D:9      | Noticed a five-headed hydra
 11464 | D:9      | Noticed a two-headed ogre
 11471 | D:9      | Reached skill level 9 in Fighting
 11485 | D:9      | Killed a two-headed ogre
 11485 | D:9      | Reached XP level 11. HP: 63/71 MP: 15/15
 11564 | D:9      | Found a burning altar of Makhleb.
 11723 | D:10     | Entered Level 10 of the Dungeon
 11935 | D:10     | Found a deep blue altar of Sif Muna.
 12179 | D:10     | Found a blossoming altar of Fedhas.
 12182 | D:10     | Noticed an oklob plant
 12182 | D:10     | Noticed an oklob plant
 12398 | D:10     | Reached skill level 10 in Fighting
 12964 | D:11     | Reached *** piety under Kikubaaqudgha
 12964 | D:11     | Identified Kikubaaqudgha's Catalogue of Black Rites
                  | (Kikubaaqudgha gifted it to you on level 11 of the Dungeon)
 12964 | D:11     | Received a gift from Kikubaaqudgha
 13101 | D:11     | Killed an unseen horror
 13769 | D:11     | Found a white marble altar of Elyvilon.
 13780 | D:11     | Found a deep blue altar of Sif Muna.
 13793 | D:11     | Found a runed door.
 13882 | D:11     | Found a basalt altar of Yredelemnul.
 13917 | D:11     | Found a shattered altar of Ashenzari.
 13951 | D:11     | Found a shimmering altar of Xom.
 13986 | D:11     | Found a shadowy altar of Dithmenos.
 14042 | D:11     | Found a staircase to the Orcish Mines.
 14059 | D:11     | Reached **** piety under Kikubaaqudgha
 14091 | D:11     | Noticed a white ugly thing
 14113 | D:11     | Killed a white ugly thing
 14148 | D:11     | Noticed a cyclops
 14185 | D:11     | Reached XP level 12. HP: 79/79 MP: 16/16
 14263 | D:11     | Found a roughly hewn altar of Beogh.
 14504 | D:11     | Reached skill level 10 in Stealth
 14549 | D:11     | Learned a level 5 spell: Dispel Undead
 14705 | D:11     | Noticed a flayed ghost
 14978 | Lair:1   | Entered Level 1 of the Lair of Beasts
 15084 | Lair:1   | Noticed a four-headed hydra
 15147 | Lair:2   | Reached skill level 11 in Fighting
 15188 | Lair:2   | Found a hole to the Spider Nest.
 15688 | Lair:2   | Noticed a seven-headed hydra
 16054 | Lair:1   | Reached skill level 5 in Long Blades
 16288 | Lair:1   | Noticed a six-headed hydra
 16575 | Lair:3   | Noticed a catoblepas
 16600 | Lair:3   | HP: 2/80 [catoblepas/blast of calcifying dust (4)]
 17080 | Lair:2   | Killed a seven-headed hydra
 17240 | Lair:2   | Got a steaming buckler
 17368 | Lair:2   | Reached skill level 5 in Necromancy
 17428 | Lair:1   | Reached skill level 10 in Dodging
 17615 | Lair:1   | Killed a four-headed hydra
 17715 | Lair:1   | Reached XP level 13. HP: 80/84 MP: 19/19
 17924 | Lair:3   | Noticed a five-headed hydra
 17948 | Lair:3   | Killed a five-headed hydra
 18029 | Lair:3   | Learned a level 2 spell: Slow
 18344 | Lair:3   | Killed a catoblepas
 18655 | Lair:3   | Identified the +0 buckler of Kaowef {+Inv rElec SInv} (You
                  | found it on level 2 of the Lair of Beasts)
 19036 | Lair:4   | Found a staircase to the Swamp.
 19127 | Lair:4   | Reached ***** piety under Kikubaaqudgha
 19922 | Lair:4   | Reached skill level 5 in Spellcasting
 20185 | Lair:4   | Found the +8 whip "Snakebite" {curare, rPois}
 20456 | Lair:5   | Noticed Urug
 20678 | Lair:5   | Reached skill level 12 in Fighting
 20733 | Lair:5   | Found a staircase to the Slime Pits.
 20745 | Lair:5   | Killed Urug
 21219 | Lair:5   | Found a transporter.
 21433 | Lair:5   | Noticed an anaconda
 21433 | Lair:5   | Noticed a four-headed hydra
 21434 | Lair:5   | Noticed oldnick's ghost (journeyman OpWz)
 21491 | Lair:5   | Found a transporter.
 21689 | Lair:6   | Entered Level 6 of the Lair of Beasts
 21732 | Lair:5   | Reached XP level 14. HP: 92/92 MP: 22/22
 22526 | Lair:5   | Found a transporter.
 22529 | Lair:5   | Found a transporter.
 22603 | Lair:5   | Found a staircase to the Slime Pits.
 25051 | Lair:5   | Found a transporter.
 25083 | Lair:5   | Found a staircase to the Slime Pits.
 25471 | Lair:5   | Found a transporter.
 25659 | Lair:5   | Found a staircase to the Slime Pits.
 25769 | Lair:5   | Found a transporter.
 26004 | Lair:5   | Found a transporter.
 26146 | Lair:5   | Found a transporter.
 26178 | Lair:5   | Found a staircase to the Slime Pits.
 26404 | Lair:5   | Found a transporter.
 27124 | Orc:1    | Entered Level 1 of the Orcish Mines
 27124 | Orc:1    | Noticed an orc warlord
 27148 | Orc:1    | Killed an orc warlord
 27297 | Orc:2    | Entered Level 2 of the Orcish Mines
 27304 | Orc:2    | Found a staircase to the Elven Halls.
 27347 | Orc:1    | Found an iron altar of Okawaru.
 27839 | Orc:1    | Noticed a stone giant
 28329 | D:11     | Got a coiled golden amulet
 28333 | D:11     | Got a polished hand axe
 28337 | D:11     | Identified the +10 hand axe "Baseg" {chop, rElec Dex+4}
                  | (You found it on level 11 of the Dungeon)
 28343 | D:11     | Identified the amulet "Quatiu Tuesi" {Reflect MR+ SH+2}
                  | (You found it on level 11 of the Dungeon)
 29134 | D:12     | Found Amuoloeh's Weapon Shoppe.
 29208 | D:12     | Reached skill level 10 in Long Blades
 29518 | D:12     | Reached skill level 13 in Fighting
 29802 | D:13     | Reached skill level 1 in Crossbows
 29802 | D:13     | Reached XP level 15. HP: 87/98 MP: 24/24
 30050 | D:13     | Reached ****** piety under Kikubaaqudgha
 30157 | D:13     | Found a frozen archway.
 30167 | IceCv    | Entered an ice cave
 30201 | IceCv    | Mangled by a death yak simulacrum

Skill      XL: |  1  2  3  4  5  6  7  8  9 10 11 12 13 14 |
---------------+-------------------------------------------+-----
Dodging        | 4 5 6 7 9 10 11 12 | 12.0
Stealth        | 1 2 3 4 6 8 9 10 11 12 | 12.0
Armour         | 1 2 3 |  3.2
Short Blades   | 5 6 7 9 |  9.0
Fighting       | 3 4 5 6 9 10 11 12 13 | 13.1
Evocations     | 1 2 4 6 7 8 |  8.5
Spellcasting   | 1 2 3 4 5 6 |  6.0
Necromancy     | 1 2 3 4 5 6 |  6.0
Translocations | 1 2 3 |  3.0
Long Blades    | 1 4 6 8 10 | 10.3
Crossbows      | 1 |  1.8
Throwing       | |  2.1
Shields        | |  0.8

Action                   |  1- 3 |  4- 6 |  7- 9 | 10-12 | 13-15 || total
-------------------------+-------+-------+-------+-------+-------++-------
Melee: Rapier            |   133 |   211 |   305 |       |       ||   649
       Spear             |       |     7 |       |       |       ||     7
       Mace              |       |    18 |       |       |       ||    18
       Short sword       |       |       |   120 |   645 |   211 ||   976
       Kick              |       |       |       |   357 |   655 ||  1012
       Long sword        |       |       |       |   267 |   849 ||  1116
       Scimitar          |       |       |       |    28 |    93 ||   121
Throw: Throwing net      |       |     4 |     3 |     4 |       ||    11
 Cast: Animate Skeleton  |       |       |       |    16 |    34 ||    50
       Blink             |       |       |       |     1 |     1 ||     2
       Pain              |       |       |       |       |     3 ||     3
Evoke: Wand              |       |       |    13 |    48 |    35 ||    96
       Lamp of fire      |       |       |       |     1 |     3 ||     4
  Use: Scroll            |     8 |     1 |     2 |    14 |     9 ||    34
       Potion            |       |     8 |     1 |     9 |     3 ||    21
 Stab: Sleeping          |     1 |     2 |     6 |    38 |    20 ||    67
       Invisible         |       |     2 |       |       |       ||     2
       Paralysed         |       |       |     8 |     1 |       ||     9
       Held in net/web   |       |       |     1 |     6 |       ||     7
       Distracted        |       |       |     1 |     6 |     2 ||     9
  Eat: Chunk             |    11 |     6 |    17 |    42 |    54 ||   130
       Ration            |       |       |       |       |     3 ||     3
Armor: Leather armour    |    34 |    26 |    63 |    75 |       ||   198
       Skin              |       |     1 |       |       |       ||     1
       Steam dragon scal |       |       |       |    20 |   197 ||   217
Dodge: Dodged            |   100 |   154 |   255 |   597 |  1323 ||  2429
Block: Other             |       |       |       |       |    22 ||    22
       Reflection        |       |       |       |       |     1 ||     1
       Rpst.: Long sword |       |       |       |    90 |   284 ||   374
       Scimitar          |       |       |       |     7 |    13 ||    20
